 Dungeon Crawl Stone Soup version 0.26.1-11-gd32895ea62 (webtiles) character file.

Game seed: 7576605102027607262

23583 dtburroughs the Cleaver (level 12, -1/113 HPs)
             Began as a Minotaur Berserker on May 29, 2021.
             Was a High Priest of Trog.
             Shot with a bolt by a yaktaur (15 damage)
             ... on level 13 of the Dungeon.
             The game lasted 00:40:50 (21989 turns).

dtburroughs the Cleaver (Minotaur Berserker)       Turns: 21989, Time: 00:40:50

Health: -1/113     AC: 19    Str: 21    XL:     12   Next: 73%
Magic:  11/11      EV: 12    Int:  7    God:    Trog [*****.]
Gold:   890        SH:  0    Dex: 13    Spells: 11/11 levels left

rFire    + + .     SeeInvis .   Z - +0 executioner's axe (flame)
rCold    + . .     Faith    +   (shield currently unavailable)
rNeg     . . .     Spirit   .   E - +0 plate armour
rPois    +         Reflect  .   (helmet restricted)
rElec    .         Harm     .   D - scarf {rC+ rF+}
rCorr    .         Rampage  .   F - +2 pair of gloves
Will     .....                  (no boots)
Stlth    ..........             n - amulet of faith
HPRegen  0.28/turn              N - ring of poison resistance
MPRegen  0.12/turn              C - ring of protection from fire

@: no status effects
A: retaliatory headbutt, horns 2
a: Renounce Religion, Berserk, Trog's Hand, Brothers in Arms


You were on level 13 of the Dungeon.
You worshipped Trog.
Trog was extremely pleased with you.
You visited 1 branch of the dungeon, and saw 13 of its levels.

You collected 890 gold pieces.

Inventory:

Hand Weapons
 a - a +0 hand axe
 d - a +2 hand axe of freezing
 e - a +2 whip of venom
 r - a +4 hand axe
 x - a +1 flail of draining
 O - a cursed +5 war axe
 Q - a +2 hand axe of electrocution
 U - a +1 antimagic halberd
 Y - a +2 broad axe of venom
 Z - a +0 executioner's axe of flaming (weapon)
Armour
 D - a scarf of resistance (worn)
 E - a +0 plate armour (worn)
 F - a +2 pair of gloves (worn)
Jewellery
 g - an uncursed amulet of regeneration {unknown}
 i - a +4 ring of protection
 n - an amulet of faith (around neck)
 A - an uncursed amulet of the acrobat {unknown}
 C - a ring of protection from fire (right hand)
 N - a ring of poison resistance (left hand)
 W - an uncursed ring of willpower {unknown}
Wands
 w - a wand of iceblast (25)
 y - a wand of digging (31)
 V - a wand of disintegration (2)
Scrolls
 c - 2 scrolls of magic mapping
 f - 3 scrolls of blinking
 h - 11 scrolls of remove curse
 j - 4 scrolls of teleportation
 k - 3 scrolls of identify
 q - a scroll of fear {unknown}
 t - 2 scrolls of random uselessness {unknown}
 v - a scroll of vulnerability {unknown}
 H - 2 scrolls of enchant weapon {unknown}
 I - 2 scrolls of fog {unknown}
 J - a scroll of silence {unknown}
 P - a scroll of summoning {unknown}
 X - a scroll of immolation {unknown}
Potions
 b - 2 potions of lignification
 m - 5 potions of curing
 o - a potion of flight {unknown}
 p - 4 potions of attraction
 s - 2 potions of berserk rage {unknown}
 u - 2 potions of invisibility
 z - 4 potions of might
 B - a potion of resistance {unknown}
 G - 3 potions of mutation
 K - a potion of cancellation {unknown}
 L - a potion of ambrosia {unknown}
 R - a potion of brilliance {unknown}
 T - 2 potions of haste {unknown}
Miscellaneous
 M - a condenser vane
 S - a phantom mirror


   Skills:
 + Level 12.7 Fighting
 + Level 12.8 Axes
 + Level 12.5 Armour
 + Level 11.6 Dodging
 + Level 4.5 Evocations


You had 11 spell levels left.
You didn't know any spells.
Your spell library was empty.

Dungeon Overview and Level Annotations

Branches:
Dungeon (13/15)            Temple (0/1) D:4            Lair (0/6) D:10
    Orc (0/2) D:12
 Vaults: D:13-14

Altars:
Ashenzari
Dithmenos
Elyvilon
Fedhas
Gozag
Hepliaklqana
Nemelex Xobeh
Okawaru
Trog
Wu Jian
Xom
Yredelemnul
Zin

Shops:
D:4 =*?(   D:6 [   D:10 }

Annotations:
D:4 3 runed translucent doors, Zeld's ghost, novice OpGl


Innate Abilities, Weirdness & Mutations

You reflexively headbutt those who attack you in melee.
You have a pair of horns on your head.


Message History

Your two-headed ogre rages. x2
You hear a shout!
Your two-headed ogre rages.
A yaktaur comes into view.
The yaktaur wields a +0 arbalest.
The yaktaur shoots a bolt.
The bolt hits you!
* * * LOW HITPOINT WARNING * * *
Items here: (( )) [ ††.
You see here 3 arrows.
Things that are here:
a +0 shortbow; 29 arrows; a centaur corpse You hear two shouts!
You see here 2 arrows.
You see here 2 arrows.
You see here an arrow.
You start resting.
Your two-headed ogre disappears in a puff of smoke!
A yaktaur is nearby!
A boulder beetle comes into view.
The yaktaur shoots a bolt.
The bolt hits you!
You die...

....#....)))#.## ##.#.##.###.#.##
....#.#.##(###.###.##.##.........
##### #. #(####...###.######.#.##
#. #()O((.#.....# #...# #.
######c..##### ###.# cc ##.## #.#
## #.# #.# #.# #.## #########@#
#..> ..........### #.##
......B.....# #.# #######.###.#
####.# #.# #.# #....# #.# #.#
#.#### #.# #.# #.# #.# #.#
#.##### ####.# #.########......


You could see a boulder beetle and a yaktaur.

Vanquished Creatures
  Nessos (D:12)
  A centaur warrior (D:13)
  A hydra (D:13)
  2 two-headed ogres (D:11)
  Nergalle (D:12)
  Sonja (D:13)
  An unseen horror (D:10)
  2 cyclopes
  3 manticores
  A guardian serpent (D:12)
  2 gargoyles (D:12)
  2 kobold demonologists (D:12)
  8 trolls
  A meliai (D:13)
  A shadow (D:12)
  A vampire (D:10)
  2 wraiths
  A wyvern (D:10)
  9 yaks
  A basilisk (D:6)
  4 vampire mosquitoes (D:12)
  A soldier ant (D:12)
  3 ice beasts
  3 phantoms
  A hornet zombie (D:11)
  11 orc warriors
  3 necrophages
  3 sky beasts
  An eye of draining (D:8)
  A wolf (D:10)
  7 ogres
  18 centaurs
  3 big kobolds
  Blork the orc (D:5)
  12 bullfrogs
  A wyvern zombie (D:13)
  3 scorpions
  A wyvern skeleton (D:11)
  11 killer bees
  15 wights
  2 electric eels (D:10)
  A centaur zombie (D:9)
  2 quasits
  15 hounds
  8 centaur skeletons
  11 orc priests
  2 jellies
  4 bullfrog skeletons
  Jessica (D:2)
  3 iguanas
  Natasha (D:2)
  8 orc wizards
  9 worker ants
  4 gnolls (D:3)
  9 adders
  2 ufetubi
  2 worms (D:4)
  A dart slug (D:2)
  5 leopard geckos
  67 orcs
  2 ball pythons (D:2)
  7 giant cockroaches
  7 goblins
  10 hobgoblins
  5 jackals
  21 kobolds
  5 quokkas
  13 bats
  2 frilled lizards (D:2)
  A giant cockroach zombie (D:6)
  A jackal zombie (D:7)
  A quokka skeleton (D:5)
  9 rats
386 creatures vanquished.

Vanquished Creatures (collateral kills)
  A deep elf archer (D:13)
  An orc warrior (D:6)
  An orc priest (D:6)
  An orc (D:6)
4 creatures vanquished.

Vanquished Creatures (others)
  23 plants (D:2)
23 creatures vanquished.

Grand Total: 413 creatures vanquished

Notes
Turn   | Place    | Note
-------+----------+-------------------------------------------
     0 | D:1      | dtburroughs the Minotaur Berserker began the quest for the
                  | Orb.
     0 | D:1      | Reached XP level 1. HP: 19/19 MP: 0/0
   412 | D:1      | Reached XP level 2. HP: 24/27 MP: 1/1
  1375 | D:2      | Reached XP level 3. HP: 29/33 MP: 2/2
  1411 | D:2      | Reached ** piety under Trog
  1415 | D:2      | Reached XP level 4. HP: 24/41 MP: 3/3
  1640 | D:2      | Noticed Jessica
  1646 | D:2      | Killed Jessica
  2272 | D:2      | Reached XP level 5. HP: 47/47 MP: 4/4
  2327 | D:2      | Noticed Natasha
  2335 | D:2      | Killed Natasha
  2538 | D:2      | Found a white marble altar of Elyvilon.
  2764 | D:3      | Reached skill level 5 in Axes
  3020 | D:3      | Reached skill level 5 in Fighting
  3375 | D:4      | Reached *** piety under Trog
  3420 | D:4      | Reached XP level 6. HP: 56/56 MP: 5/5
  3441 | D:4      | Found a staircase to the Ecumenical Temple.
  3725 | D:4      | Found Gaxuf's Weapon Shoppe.
  3872 | D:4      | Found a runed translucent gate.
  3872 | D:4      | Found a runed translucent gate.
  3872 | D:4      | Found a runed translucent gate.
  3873 | D:4      | Found an opulent altar of Gozag.
  3876 | D:4      | Noticed Zeld's ghost (novice OpGl)
  3877 | D:4      | Noticed a two-headed ogre
  3880 | D:4      | Found Rioppoew's Jewellery Shoppe.
  4105 | D:4      | Found Aracu's Assorted Antiques.
  4833 | D:4      | Reached skill level 5 in Armour
  4929 | D:4      | Found Pumn's Magic Scroll Boutique.
  4997 | D:4      | Reached XP level 7. HP: 59/62 MP: 6/6
  5196 | D:5      | Entered Level 5 of the Dungeon
  5616 | D:5      | Reached skill level 5 in Dodging
  5721 | D:5      | You fall into a shaft and drop 3 floors!
  5885 | D:7      | Reached XP level 8. HP: 57/71 MP: 7/7
  6122 | D:7      | Reached **** piety under Trog
  6588 | D:5      | Noticed Blork the orc
  6610 | D:5      | Killed Blork the orc
  7072 | D:6      | Found a basalt altar of Yredelemnul.
  7293 | D:6      | Reached XP level 9. HP: 60/81 MP: 8/8
  7421 | D:6      | Found Myut's Antique Armour Emporium.
  8180 | D:7      | Found a shadowy altar of Dithmenos.
 10072 | D:8      | Found a bloodstained altar of Trog.
 10310 | D:8      | Found a blossoming altar of Fedhas.
 10340 | D:8      | Reached XP level 10. HP: 78/91 MP: 9/9
 10498 | D:8      | Found a shimmering altar of Xom.
 10498 | D:8      | Found an iron altar of Okawaru.
 10500 | D:8      | Found a sparkling altar of Nemelex Xobeh.
 10500 | D:8      | Found a sparkling altar of Nemelex Xobeh.
 10500 | D:8      | Found a shimmering altar of Xom.
 10704 | D:8      | Reached ***** piety under Trog
 11981 | D:9      | Reached skill level 10 in Axes
 12123 | D:9      | Found a broken altar of Ashenzari.
 12186 | D:9      | Reached skill level 10 in Fighting
 12659 | D:9      | Found a hazy altar of Hepliaklqana.
 12659 | D:9      | Found a faded altar of an unknown god.
 12666 | D:9      | Found a glowing silver altar of Zin.
 12672 | D:9      | Found an ornate altar of the Wu Jian Council.
 12673 | D:9      | Found an opulent altar of Gozag.
 12722 | D:10     | Entered Level 10 of the Dungeon
 12849 | D:10     | Killed an unseen horror
 13013 | D:10     | Reached skill level 10 in Armour
 13347 | D:10     | Found Syvaxkoq's Gadget Shoppe.
 13502 | D:10     | Found a staircase to the Lair.
 15703 | D:11     | Reached XP level 11. HP: 101/101 MP: 10/10
 16846 | D:11     | Noticed a two-headed ogre
 16871 | D:11     | Killed a two-headed ogre
 16872 | D:11     | Reached skill level 10 in Dodging
 17375 | D:11     | Noticed a two-headed ogre
 17404 | D:11     | Killed a two-headed ogre
 18419 | D:12     | Reached skill level 1 in Evocations
 18457 | D:12     | Noticed Nessos
 18490 | D:12     | Killed Nessos
 19110 | D:12     | Received a gift from Trog
 19346 | D:12     | Reached XP level 12. HP: 78/112 MP: 11/11
 19547 | D:12     | Noticed Nergalle
 19562 | D:12     | Killed Nergalle
 20763 | D:12     | Found a staircase to the Orcish Mines.
 21500 | D:13     | Noticed Sonja
 21503 | D:13     | Killed Sonja
 21503 | D:13     | Received a gift from Trog
 21625 | D:13     | Noticed an eight-headed hydra
 21632 | D:13     | Killed a six-headed hydra
 21839 | D:13     | Noticed a centaur warrior
 21857 | D:13     | Killed a centaur warrior
 21989 | D:13     | Noticed a boulder beetle
 21989 | D:13     | Shot with a bolt by a yaktaur

Illustrated notes

Levels and vault maps discovered:
D:1:      lemuel_arrival_hallway, layout_basic, amcnicky_mini_pool_small,
          serial_bayou_ford_a
D:2:      layout_basic, marbit_many_paths, serial_bayou, serial_bayou_pond_a,
          serial_bayou_lake_a, serial_bayou_pond_c, serial_bayou_shore_b,
          kennysheep_big_empty_room, uniq_natasha, uniq_jessica
D:3:      layout_basic
D:4:      layout_basic, minmay_temple_entry_waves, serial_shops, shop,
          nicolae_shop_waterfront, shop, nicolae_shop_crystal,
          ebering_ghost_gozag, serial_co_window_serial, co_window_paths_a,
          co_window_corner_a, co_window_paths_a, co_window_of_opportunity_a,
          co_window_paths_a, co_window_corner_a, co_window_cross_1,
          co_window_corner_cb, co_window_corner_b, co_window_corner_b,
          co_window_unsneaky_path_e, co_window_of_opportunity_c,
          co_window_corner_ca, co_window_unsneaky_path_b, co_window_paths_d,
          glass_columns_b, glass_columns_a, glass_columns_a,
          minmay_misc_feat_plants, minmay_misc_feat_doors
D:5:      layout_cave_pods, minmay_crystal_room, uniq_blork_the_orc
D:6:      layout_basic, lemuel_round_altar, serial_shops, shop, feat_on_display
D:7:      layout_basic, lemuel_coloured_pillars_altar, eino_tiny_chamber
D:8:      layout_basic, doesnt_xom_only_xom, special_room [special_room_orc],
          trog_eyes_of_draining
D:9:      layout_layer_cave, ashenzari_conservatory_becter,
          chequers_temple_overflow_minitemple, enter_bailey_6,
          lightli_orcish_oven
D:10:     layout_basic, erik_lair_island, minmay_shop_grid_forest
D:11:     layout_small_grid
D:12:     layout_stronghold, david_orc_4, nrook_guardian_serpent_ordinary,
          uniq_nergalle, uniq_nessos
D:13:     layout_loops_ring, minivault_28, uniq_sonja

Skill      XL: |  1  2  3  4  5  6  7  8  9 10 11 12 |
---------------+-------------------------------------+-----
Fighting       | 4 5 6 7 9 10 12 | 12.7
Axes           | 4 5 6 8 9 10 12 | 12.8
Armour         | 3 4 5 6 7 9 10 11 12 | 12.5
Dodging        | 3 4 5 6 8 9 10 11 | 11.6
Evocations     | 2 4 |  4.5

Action                   |  1- 3 |  4- 6 |  7- 9 | 10-12 || total
-------------------------+-------+-------+-------+-------++-------
Melee: Hand axe          |    18 |       |       |   281 ||   299
       Headbutt          |     5 |    24 |    74 |   198 ||   301
       Whip              |    35 |   164 |   406 |   533 ||  1138
       Executioner's axe |       |       |       |    31 ||    31
       Broad axe         |       |       |       |     6 ||     6
Invok: Brothers in Arms  |       |       |     1 |     2 ||     3
       Trog's Hand       |       |       |     2 |     4 ||     6
Evoke: Wand              |       |       |       |    23 ||    23
  Use: Scroll            |       |     2 |       |    11 ||    13
       Potion            |       |       |       |     4 ||     4
Armor: Animal skin       |     6 |       |       |       ||     6
       Scale mail        |    15 |    36 |       |       ||    51
       Chain mail        |       |    23 |    78 |       ||   101
       Plate armour      |       |       |   134 |   590 ||   724
Dodge: Dodged            |    46 |    84 |   140 |   483 ||   753
